 Dungeon Crawl Stone Soup version 0.24-a0-441-g27f0392e16 (webtiles) character file.

Game seed: 2683655680611266

52 HAL9000 the Ruffian (level 3, 0/28 HPs)
             Began as a Draconian Transmuter on June 19, 2019.
             Succumbed to an adder's poison
             ... on level 2 of the Dungeon.
             The game lasted 00:02:00 (2203 turns).

HAL9000 the Ruffian (Draconian Transmuter)          Turns: 2203, Time: 00:02:01

Health: 0/28       AC:  5    Str: 12    XL:     3   Next: 60%
Magic:  6/6        EV: 12    Int: 14    God:
Gold:   74         SH:  0    Dex: 11    Spells: 0/6 levels left

rFire    . . .     SeeInvis .     - Unarmed
rCold    . . .     Gourm    .   (no shield)
rNeg     . . .     Faith    .   (armour unavailable)
rPois    .         Spirit   .   (helmet restricted)
rElec    .         Reflect  .   (no cloak)
rCorr    .         Harm     .   (no gloves)
MR       .....                  (no boots)
Stlth    +.........             (no amulet)
HPRegen  0.09/turn              (no ring)
MPRegen  0.10/turn              (no ring)

@: lethally poisoned (0 -> -23)
A: unfitting armour, cold-blooded, AC +5
a: no special abilities


You were on level 2 of the Dungeon.
You were not hungry.

You visited 1 branch of the dungeon, and saw 2 of its levels.

You collected 74 gold pieces.

Inventory:

Missiles
 a - 77 arrows
Scrolls
 d - 2 scrolls of identify {unknown}
 f - a scroll of teleportation {unknown}
 g - a scroll of remove curse {unknown}
 h - a scroll of enchant weapon {unknown}
 i - a scroll of magic mapping {unknown}
 j - a scroll of enchant armour {unknown}
 k - a scroll of fear {unknown}
Potions
 b - a potion of heal wounds {unknown}
 e - a potion of mutation {unknown}
Comestibles
 c - 2 rations


   Skills:
 - Level 1.1 Fighting
 - Level 1.7 Dodging
 + Level 4.6 Unarmed Combat
 - Level 2.0 Spellcasting
 - Level 2.0 Transmutations


You couldn't memorise any spells.
You knew the following spells:

 Your Spells              Type           Power        Failure   Level  Hunger
a - Beastly Appendage     Tmut           #.....       11%         1    ##.....
b - Sticks to Snakes      Tmut           #.......     16%         2    ###....
c - Spider Form           Tmut/Pois      #.........   43%         3    ####...

Your spell library contained the following spells:

 Spells                   Type           Power        Failure   Level  Hunger
 Ice Form                 Ice/Tmut       #.......     83%         4    #####..
 Blade Hands              Tmut           #.........   96%         5    ######.


Dungeon Overview and Level Annotations

Branches:
Dungeon (2/15)

Altars:


Innate Abilities, Weirdness & Mutations

Your plain brown scales are hard. (AC +5)
You cannot fit into any form of body armour.
You are cold-blooded and may be slowed by cold attacks.


Message History

The weapon returns to the orc!
You see here a poisoned dart.
An adder comes into view.
You feel sick.
The orc warrior throws a poisoned dart.
The poisoned dart misses you.
The orc throws a boomerang.
The boomerang closely misses you.
The weapon returns to the orc!
You see here a poisoned dart.
You feel sick.
You feel sick.
* * * LOW HITPOINT WARNING * * *
You feel sick.
The orc shouts!
* * * LOW HITPOINT WARNING * * *
You feel sick. The adder bites you.
* * * LOW HITPOINT WARNING * * *
You are more poisoned.
The adder poisons you! The adder bites you but does no damage.
* * * LOW HITPOINT WARNING * * *
You feel sick.
You die...

##...##......oo.....####.......
#....##((....o........o..
#......((.รท..............
#...[##........###...###. #...
##........# #.#.####
#....#...........#....o..
##......S......#...#. #.
#...#.........# .. ##
....#..@<.....# .
..............# .....#.........
..############# .


You could see an adder and an orc.

Vanquished Creatures
  3 adders (D:2)
  A worm (D:2)
  A dart slug (D:1)
  6 bats
  2 goblins (D:1)
  2 hobgoblins (D:1)
  A ball python (D:1)
  4 frilled lizards
  2 kobolds
  A rat (D:2)
23 creatures vanquished.

Notes
Turn   | Place    | Note
-------+----------+-------------------------------------------
     0 | D:1      | HAL9000 the Draconian Transmuter began the quest for the
                  | Orb.
     0 | D:1      | Reached XP level 1. HP: 16/16 MP: 3/3
   564 | D:1      | Reached XP level 2. HP: 21/23 MP: 3/5
  1324 | D:2      | Reached skill level 4 in Unarmed Combat
  1554 | D:2      | Noticed an orc warrior
  1641 | D:1      | Learned a level 2 spell: Sticks to Snakes
  2101 | D:2      | Reached XP level 3. HP: 28/28 MP: 6/6
  2192 | D:2      | Learned a level 3 spell: Spider Form
  2202 | D:2      | HP: 1/28 [poisoned by an adder]
  2203 | D:2      | Succumbed to an adder's poison

Levels and vault maps discovered:
D:1:      kennysheep_arrival_seaside, layout_basic, nrook_mini_backslash
D:2:      layout_rooms, gammafunk_temple_overflow_wave,
          nemelex_diamond_rough_becter

Skill      XL: |  1  2 |
---------------+-------+-----
Unarmed Combat | 4 |  4.6
Fighting       | |  1.1
Dodging        | |  1.7
Spellcasting   | |  2.0
Transmutations | |  2.0

Action                   || total
-------------------------++-------
Melee: Unarmed           ||    80
       Kick              ||     5
       Tailslap          ||     5
 Cast: Beastly Appendage ||     9
 Stab: Distracted        ||     1
  Eat: Chunk             ||     4
Armor: Skin              ||    26
Dodge: Dodged            ||    53

Table legend:
 A = Non-vault XP
 B = Vault XP
 C = Vault XP percentage of total XP
 D = Non-vault monster count
 E = Vault monster count
 F = Vault count percentage of total count
                 A         B        C        D         E       F
            +---------+---------+-------+---------+---------+-------
      Total |      75 |       0 |   0.0 |      23 |       0 |   0.0
            +---------+---------+-------+---------+---------+-------
        D:1 |      24 |       0 |   0.0 |      14 |       0 |   0.0
        D:2 |      51 |       0 |   0.0 |       9 |       0 |   0.0
            +---------+---------+-------+---------+---------+-------
